 Dungeon Crawl Stone Soup version 0.29-a0-383-g8b6f518c11 (webtiles) character file.

Game seed: 3832515979505078163

2283 Bruhh the Magician (level 9, -6/65 HPs)
             Began as a Gnoll Earth Elementalist on May 6, 2022.
             Was an Initiate of Gozag.
             Mangled by Duvessa
             ... wielding a +0 short sword
              (17 damage)
             ... on level 6 of the Dungeon.
             The game lasted 00:10:25 (7639 turns).

Bruhh the Magician (Gnoll Earth Elementalist)       Turns: 7639, Time: 00:10:25

Health: -6/65      AC:  2    Str: 10    XL:     9   Next: 39%
Magic:  1/18       EV: 14    Int: 18    God:    Gozag
Gold:   1376       SH:  0    Dex: 13    Spells: 17/21 levels left

rFire   . . .      SeeInvis .   k - +4 short sword of Might {chaos, rCorr Str+2}
rCold   . . .      Faith    .   (no shield)
rNeg    . . .      Spirit   .   b - +0 robe
rPois   .          Reflect  .   (no helmet)
rElec   .          Harm     .   (no cloak)
rCorr   +          Rampage  .   (no gloves)
Will    .....                   (no boots)
Stlth   +++.......              (no amulet)
HPRegen 0.20/turn               (no ring)
MPRegen 0.16/turn               (no ring)

@: about to teleport, gold aura
A: fangs 1, strong nose, distributed training
a: Renounce Religion, Potion Petition, Call Merchant, Bribe Branch


You were on level 6 of the Dungeon.
You worshipped Gozag.
Gozag was most pleased with you.
You visited 1 branch of the dungeon, and saw 6 of its levels.
You also visited: Ossuary.

You collected 1401 gold pieces.
You paid 25 gold pieces to Gozag.

Inventory:

Hand Weapons
 k - the +4 short sword of Might (weapon) {chaos, rCorr Str+2}
   (You found it on level 2 of the Dungeon)

   Each time it hits an enemy it has a different, random effect.
   Str:       It affects your strength (+2).
   rCorr:     It protects you from acid and corrosion.
 x - a +0 falchion of holy wrath
Missiles
 a - 70 stones
Armour
 b - a +0 robe (worn)
Wands
 u - a wand of flame (16)
 w - a wand of iceblast (9)
Scrolls
 d - 2 scrolls of poison {unknown}
 g - 8 scrolls of identify
 h - 9 scrolls of teleportation
 j - a scroll of torment
 l - 3 scrolls of vulnerability {unknown}
 o - a scroll of enchant armour {unknown}
 p - a scroll of summoning {unknown}
 q - 3 scrolls of amnesia {unknown}
 s - a scroll of acquirement {unknown}
 t - a scroll of fog {unknown}
Potions
 e - a potion of heal wounds
 f - a potion of flight {unknown}
 i - a potion of haste {unknown}
 m - 5 potions of curing
 n - 2 potions of attraction {unknown}
 r - 2 potions of degeneration {unknown}
 v - a potion of mutation {unknown}


   Skills:
 + Level 4.2 Fighting
 + Level 4.2 Short Blades
 + Level 4.2 Long Blades
 + Level 4.2 Axes
 + Level 4.2 Maces & Flails
 + Level 4.2 Polearms
 + Level 4.2 Staves
 + Level 4.2 Slings
 + Level 4.2 Bows
 + Level 4.2 Crossbows
 + Level 4.2 Throwing
 + Level 4.2 Armour
 + Level 6.3 Dodging
 + Level 6.0 Stealth
 + Level 4.2 Shields
 + Level 4.2 Unarmed Combat
 + Level 6.6 Spellcasting
 + Level 3.4 Conjurations
 + Level 3.4 Hexes
 + Level 3.4 Summonings
 + Level 3.4 Necromancy
 + Level 3.4 Translocations
 + Level 4.1 Transmutations
 + Level 3.4 Fire Magic
 + Level 3.4 Ice Magic
 + Level 3.4 Air Magic
 + Level 6.5 Earth Magic
 + Level 3.4 Poison Magic
 + Level 4.6 Invocations
 + Level 4.2 Evocations


You had 17 spell levels left.
You knew the following spells:

 Your Spells              Type           Power      Damage    Failure   Level
a - Sandblast             Erth           58%        2d13      1%          1
b - Stone Arrow           Conj/Erth      48%        3d10      4%          3

Your spell library contained the following spells:

 Spells                   Type           Power      Damage    Failure   Level
 Passwall                 Tmut/Erth      20%        N/A       1%          2
 Summon Guardian Golem    Hex/Summ       18%        N/A       9%          3
 Petrify                  Tmut/Erth      25%        N/A       12%         4
 Orb of Destruction       Conj           9%         9d6       100%        7
 Spellforged Servitor     Conj/Summ      9%         N/A       100%        7


Dungeon Overview and Level Annotations

Branches:
Dungeon (6/15)             Temple (0/1) D:5         Ossuary (visited)

Altars:
Gozag
Kikubaaqudgha

Annotations:
D:6 Duvessa


Innate Abilities, Weirdness & Mutations

You have very sharp teeth.
Your uncanny sense of smell can sniff out nearby items.
Your experience applies equally to all skills.


Message History

Casting: Sandblast (safe; 1% risk of failure)
Confirm with . or Enter, or press ? or * to list all spells.
Aiming: Sandblast (safe; 1% risk of failure)
Press: ? - help, Shift-Dir - straight line, f/p - Dowan
Aim: Dowan, wielding a +2 dagger of venom and wearing a +2 robe of willpower (almost dead, 73% to hit)
The blast of sand hits Dowan.
You kill Dowan!
Duvessa weeps, and shakes her weapon.
Duvessa goes berserk!
Duvessa closely misses you.
Unknown command.
As you read the scroll labelled RIRCHA LOUBBIGHO, it crumbles to dust.
Your body is wracked with pain!
Duvessa convulses!
It was a scroll of torment.
Duvessa closely misses you. Duvessa hits you with a +0 short sword!
* * * LOW HITPOINT WARNING * * *
Unknown command.
You feel much better. Duvessa hits you with a +0 short sword.
Unknown command.
Casting: Sandblast (safe; 1% risk of failure)
Confirm with . or Enter, or press ? or * to list all spells.
Aiming: Sandblast (safe; 1% risk of failure)
Press: ? - help, Shift-Dir - straight line, f - Duvessa
Aim: Duvessa, wielding a +0 short sword and wearing a +0 ring mail (severely wounded, berserk, 86% to hit)
The blast of sand hits Duvessa but does no damage.
Duvessa is severely wounded.
Duvessa hits you with a +0 short sword!
* * * LOW HITPOINT WARNING * * *
Duvessa completely misses you.
You feel much better. Duvessa barely misses you.
Okay, then.
As you read the scroll labelled NYSA SEEPNIF, it crumbles to dust.
It is a scroll of identify.
h - 10 scrolls of teleportation Duvessa completely misses you.
Duvessa closely misses you.
As you read the scroll of teleportation, it crumbles to dust.
You feel strangely unstable. Duvessa hits you with a +0 short sword!
Duvessa attacks as you move away! Duvessa hits you with a +0 short sword!
* * * LOW HITPOINT WARNING * * *
Duvessa hits you with a +0 short sword!
You die...
Your body crumbles into a pile of gold.

#.# .....# ##.## #
########.#.......#
###...# #
#........#.......#
#.....# ###
#.#####..#.......
#.#...# #≈.
#.##.....#... ...
#.##### #≈.
#.##.##.##.##.#$# #.#
#≈. #.##........#.#$##
#.# #≈.
#...<............# #.#
#≈. ####.....#..###e@#
#.# #≈.
###..#.#.......# #.#
### #≈.
#..............###.#
##.####≈.
###.#................#
#....####
....##.#)....###.#####
##.#.## #
###.##........##.#
#.#..# #
#.####...##.##.#
#.#### #
#.####.........# #.# #
#.....)........# #.#
##


You could see Duvessa (berserk).

Vanquished Creatures
  Sigmund (D:2)
  Menkaure (Ossuary)
  An ice beast (D:6)
  6 ogres
  A phantom (D:6)
  A bullfrog (D:6)
  2 necrophages (D:6)
  2 scorpions
  3 jellies (D:4)
  3 wights (D:6)
  Dowan (D:6)
  2 howler monkeys
  2 hounds
  6 orc priests
  An orc wizard (D:5)
  Terence (D:3)
  2 iguanas (D:4)
  3 mummies (Ossuary)
  4 gnolls
  5 adders
  3 white imps
  An ufetubus (D:3)
  3 worms
  2 dart slugs
  17 orcs
  5 ball pythons
  A bat zombie (D:6)
  5 endoplasms
  3 giant cockroaches
  5 gnoll zombies (Ossuary)
  10 goblins
  3 hobgoblins
  2 jackals (D:2)
  8 kobolds
  4 quokkas
  6 bats
  2 frilled lizards
  6 gnoll skeletons (Ossuary)
  4 goblin skeletons (Ossuary)
  5 goblin zombies (Ossuary)
  6 hobgoblin skeletons (Ossuary)
  A hobgoblin zombie (Ossuary)
  4 kobold skeletons (Ossuary)
  3 kobold zombies (Ossuary)
  3 orc skeletons (Ossuary)
  5 orc zombies (Ossuary)
  4 rats
  2 rat skeletons (Ossuary)
  7 rat zombies
178 creatures vanquished.

Vanquished Creatures (others)
  15 plants (D:3)
15 creatures vanquished.

Grand Total: 193 creatures vanquished

Notes
Turn   | Place    | Note
-------+----------+-------------------------------------------
     0 | D:1      | Bruhh the Gnoll Earth Elementalist began the quest for the
                  | Orb.
     0 | D:1      | Reached XP level 1. HP: 13/13 MP: 6/6
   284 | D:1      | Found a faded altar of an unknown god.
   356 | D:1      | Reached XP level 2. HP: 19/19 MP: 5/7
  1071 | D:2      | Found an opulent altar of Gozag.
  1090 | D:2      | Became a worshipper of Gozag Ym Sagoz the Greedy
  1119 | D:2      | Reached XP level 3. HP: 23/25 MP: 1/9
  1151 | D:2      | Reached skill level 5 in Spellcasting
  1246 | D:2      | Reached skill level 1 in Fighting
  1246 | D:2      | Reached skill level 1 in Short Blades
  1246 | D:2      | Reached skill level 1 in Long Blades
  1246 | D:2      | Reached skill level 1 in Axes
  1246 | D:2      | Reached skill level 1 in Maces & Flails
  1246 | D:2      | Reached skill level 1 in Polearms
  1246 | D:2      | Reached skill level 1 in Staves
  1246 | D:2      | Reached skill level 1 in Slings
  1246 | D:2      | Reached skill level 1 in Bows
  1246 | D:2      | Reached skill level 1 in Crossbows
  1246 | D:2      | Reached skill level 1 in Throwing
  1246 | D:2      | Reached skill level 1 in Armour
  1246 | D:2      | Reached skill level 1 in Shields
  1246 | D:2      | Reached skill level 1 in Unarmed Combat
  1246 | D:2      | Reached skill level 1 in Invocations
  1246 | D:2      | Reached skill level 1 in Evocations
  1246 | D:2      | Reached XP level 4. HP: 18/32 MP: 8/11
  1426 | D:2      | Identified the +4 short sword of Might {chaos, rCorr Str+2}
  1895 | D:2      | Reached skill level 1 in Conjurations
  1895 | D:2      | Reached skill level 1 in Hexes
  1895 | D:2      | Reached skill level 1 in Summonings
  1895 | D:2      | Reached skill level 1 in Necromancy
  1895 | D:2      | Reached skill level 1 in Translocations
  1895 | D:2      | Reached skill level 1 in Fire Magic
  1895 | D:2      | Reached skill level 1 in Ice Magic
  1895 | D:2      | Reached skill level 1 in Air Magic
  1895 | D:2      | Reached skill level 1 in Poison Magic
  1932 | D:2      | Noticed Sigmund
  1940 | D:2      | Killed Sigmund
  1941 | D:2      | Reached XP level 5. HP: 16/38 MP: 6/12
  1941 | D:2      | Reached XP level 6. HP: 18/44 MP: 6/13
  2456 | D:3      | Noticed Terence
  2457 | D:3      | Reached skill level 5 in Dodging
  2467 | D:3      | Killed Terence
  2916 | D:4      | Reached XP level 7. HP: 50/50 MP: 13/15
  2920 | D:4      | Learned a level 3 spell: Stone Arrow
  3116 | D:4      | Found a sand-covered staircase.
  3134 | Ossuary  | Entered an ossuary
  3722 | Ossuary  | Noticed Menkaure
  3733 | Ossuary  | Killed Menkaure
  4232 | D:4      | Reached skill level 5 in Stealth
  5000 | D:5      | Entered Level 5 of the Dungeon
  5002 | D:5      | Reached XP level 8. HP: 57/57 MP: 14/16
  5778 | D:5      | Found a staircase to the Ecumenical Temple.
  6099 | D:6      | Found an ancient bone altar of Kikubaaqudgha.
  6667 | D:6      | Reached XP level 9. HP: 54/65 MP: 7/18
  7619 | D:6      | Noticed Duvessa
  7620 | D:6      | Noticed Dowan
  7632 | D:6      | Killed Dowan
  7639 | D:6      | Mangled by Duvessa

Illustrated notes

Levels and vault maps discovered:
D:1:      dpeg_arrival_renting, layout_loops_corners,
          chequers_ecumenical_altar_simple_redux
D:2:      layout_rooms, basic_altar, minmay_misc_feat_x, uniq_sigmund
D:3:      kennysheep_the_goblin_king, layout_rooms, serial_shops, shop,
          serial_bayou_ford_a, uniq_terence
D:4:      layout_gridville, enter_ossuary_4, minmay_misc_feat_pillars
D:5:      layout_loops_ring, temple_hall
D:6:      layout_loops_cross, lemuel_zombie_altar_kikubaaqudgha, uniq_duvessa

Skill      XL: |  1  2  3  4  5  6  7  8  9 |
---------------+----------------------------+-----
Transmutations | 2 3 4 |  4.1
Spellcasting   | 5 6 |  6.6
Fighting       | 1 2 3 4 |  4.2
Short Blades   | 1 2 3 4 |  4.2
Long Blades    | 1 2 3 4 |  4.2
Axes           | 1 2 3 4 |  4.2
Maces & Flails | 1 2 3 4 |  4.2
Polearms       | 1 2 3 4 |  4.2
Staves         | 1 2 3 4 |  4.2
Slings         | 1 2 3 4 |  4.2
Bows           | 1 2 3 4 |  4.2
Crossbows      | 1 2 3 4 |  4.2
Throwing       | 1 2 3 4 |  4.2
Armour         | 1 2 3 4 |  4.2
Shields        | 1 2 3 4 |  4.2
Unarmed Combat | 1 2 3 4 |  4.2
Invocations    | 1 2 3 4 |  4.6
Evocations     | 1 2 3 4 |  4.2
Conjurations   | 1 2 3 |  3.4
Hexes          | 1 2 3 |  3.4
Summonings     | 1 2 3 |  3.4
Necromancy     | 1 2 3 |  3.4
Translocations | 1 2 3 |  3.4
Fire Magic     | 1 2 3 |  3.4
Ice Magic      | 1 2 3 |  3.4
Air Magic      | 1 2 3 |  3.4
Poison Magic   | 1 2 3 |  3.4
Dodging        | 5 6 |  6.3
Stealth        | 5 6 |  6.0
Earth Magic    | 6 |  6.5

Action                   |  1- 3 |  4- 6 |  7- 9 || total
-------------------------+-------+-------+-------++-------
Melee: Unarmed           |     8 |       |       ||     8
       Short sword       |       |     8 |    30 ||    38
       Bite              |       |       |     7 ||     7
       Punch             |       |       |     1 ||     1
 Cast: Sandblast         |    25 |    63 |   195 ||   283
       Stone Arrow       |       |       |    21 ||    21
  Use: Potion            |       |       |     6 ||     6
       Scroll            |       |       |     3 ||     3
Armor: Robe              |     3 |     2 |    10 ||    15
Dodge: Dodged            |     7 |    25 |    63 ||    95

Table legend: (Time is in decaauts)
 A = Elapsed time spent in this place.
 B = Non-inter-level travel time spent in this place.
 C = Inter-level travel time spent in this place.
 D = Time resting spent in this place.
 E = Time spent auto-exploring this place.
 F = Levels seen in this place.
 G = Mean time per level.
                   A        B        C        D        E       F      G
               +--------+--------+--------+--------+--------+-----+--------+
         Total |   7638 |   7447 |    191 |    224 |   6263 |   7 | 1091.1 |
       Dungeon |   6573 |   6382 |    191 |    224 |   5419 |   6 | 1095.5 |
       Ossuary |   1064 |   1064 |      0 |      0 |    844 |   1 | 1064.0 |
               +--------+--------+--------+--------+--------+-----+--------+

Top non-repeatable levels by time:
     D:5: 1333 daAuts
     D:6: 1305 daAuts
     D:2: 1169 daAuts
     D:4: 1124 daAuts
     D:1: 1069 daAuts
 Ossuary: 1064 daAuts
     D:3: 571 daAuts
